 Dungeon Crawl Stone Soup version 0.30.1-11-g7821555f0a (webtiles) character file.

Game seed: 12629313367815006206

84 Azuregosa the Covert (level 4, 31/31 HPs)
             Began as an Octopode Delver on Jan 1, 2024.
             Quit the game on level 1 of the Dungeon.
             The game lasted 00:03:13 (545 turns).

Azuregosa the Covert (Octopode Delver)               Turns: 545, Time: 00:03:14

Health: 31/31      AC:  1    Str: 11    XL:     4   Next: 46%
Magic:  4/4        EV: 13    Int: 14    God:
Gold:   109        SH:  0    Dex: 13    Spells: 3/3 levels left

rFire   . . .        a - +0 spear
rCold   . . .        (no shield)
rNeg    . . .        (helmet restricted)
rPois   .            r - amulet of magic regeneration
rElec   .            k - ring of willpower
rCorr   .            (no ring)
SInv    .            (no ring)
Will    +....        (no ring)
Stlth   +++++        (no ring)
HPRegen 0.25/turn    (no ring)
MPRegen 0.49/turn    (no ring)
                     (no ring)

%: no passive effects
@: no status effects
A: almost no armour, amphibious, 8 rings, camouflage 1, gelatinous body 1,
(nimble swimmer 1), tentacles
a: no special abilities


You were on level 1 of the Dungeon.
You visited 1 branch of the dungeon, and saw 5 of its levels.

You collected 109 gold pieces.

Inventory:

Hand Weapons
 a - a +0 spear (weapon)
 j - a +2 heavy quarterstaff
Missiles
 i - 2 boomerangs (quivered)
 u - 6 stones
Jewellery
 k - a ring of willpower (left tentacle)
 m - a ring of fire
 r - an amulet of magic regeneration (around mantle)
Wands
 f - a wand of digging (3)
Scrolls
 b - a scroll of fog
 g - 2 scrolls of immolation
 h - a scroll of noise {unknown}
 n - a scroll of blinking {unknown}
 o - 2 scrolls of identify {unknown}
 s - a scroll of brand weapon {unknown}
 t - a scroll of teleportation {unknown}
Potions
 c - a potion of heal wounds {unknown}
 d - a potion of ambrosia {unknown}
 e - 2 potions of haste
 l - 2 potions of resistance {unknown}
 p - a potion of curing {unknown}
 q - a potion of attraction {unknown}


   Skills:
 - Level 3.0 Fighting
 - Level 2.0 Polearms
 - Level 2.0 Dodging
 + Level 9.0 Stealth


You had 3 spell levels left.
You didn't know any spells.
Your spell library was empty.

Dungeon Overview and Level Annotations

Branches:
Dungeon (5/15)
 Temple: D:4-7

Altars:

Shops:
D:1 (


Innate Abilities, Weirdness & Mutations

You cannot wear most types of armour.
You are amphibious.
You can wear up to eight rings at the same time.
Your skin changes colour to match your surroundings (Stealth+).
Your rubbery body absorbs attacks. (AC +1, EV +1)
((You are camouflaged when in or above water. (Stealth+)))
You have tentacles for arms and can constrict up to eight enemies at once.


Message History

The helpless goblin fails to defend itself.
You hit the goblin. Your grab misses the goblin.
The goblin is moderately wounded.
The goblin hits you but does no damage.
You hit the goblin. You grab the goblin. You squeeze the goblin.
You kill the goblin!
Found a human corpse.
A rat comes into view.
The helpless bat fails to defend itself.
You hit the bat. Your grab misses the bat. Your squeeze misses the bat.
The bat is severely wounded.
The bat barely misses you.
A ball python comes into view.
The bat barely misses you.
You hit the bat but do no damage. Your grab misses the bat.
The bat is severely wounded.
The bat barely misses you. The bat closely misses you.
You closely miss the bat. You grab the bat.
The bat is severely wounded.
You constrict the bat.
You kill the bat!
The ball python hisses angrily.
There is an entrance to Vasoubra's Weapon Shoppe here.
A ball python is nearby!
Found a scroll labelled SAMUYS WUCRA.
The ball python bites you. The ball python barely misses you.
You hit the ball python.
You kill the ball python!
Your Stealth skill increases to level 9!
Found 6 stones.
You see here a ball python corpse.
Found a stone staircase leading down.
t - a scroll labelled SAMUYS WUCRA A rat comes into view.
You see here 6 stones.
u - 6 stones A rat is nearby!
You hit the rat.
You kill the rat!
Are you sure you want to abandon this character and quit the game? (Confirm with "yes".)

#. #.. #..##
....####
...... >.
#...# .###
#.##..# ...
#...@.##^##
######.....#
.....#..#..#
#.........#
#..###....#
..........##
.##..#....#
#.......##
##.###.†.##


There were no monsters in sight!

Vanquished Creatures
  A scorpion (D:4)
  An adder (D:4)
  A dart slug (D:2)
  An endoplasm (D:2)
  A kobold (D:2)
  3 ball pythons
  A bat (D:1)
  5 goblins
  2 rats
16 creatures vanquished.

Notes
Turn   | Place    | Note
-------+----------+-------------------------------------------
     0 | D:5      | Azuregosa the Octopode Delver began the quest for the Orb.
     0 | D:5      | Reached XP level 1. HP: 16/16 MP: 1/1
    15 | D:5      | Noticed a scorpion
    17 | D:5      | Noticed a water moccasin
    51 | D:4      | Reached skill level 7 in Stealth
    51 | D:4      | Reached XP level 2. HP: 21/21 MP: 2/2
    81 | D:4      | Noticed a scorpion
   107 | D:4      | Killed a scorpion
   108 | D:4      | Reached skill level 8 in Stealth
   108 | D:4      | Reached XP level 3. HP: 4/26 MP: 3/3
   108 | D:4      | Reached XP level 4. HP: 4/31 MP: 4/4
   275 | D:2      | Found a faded altar of an unknown god.
   512 | D:1      | Found Vasoubra's Weapon Shoppe.
   532 | D:1      | Reached skill level 9 in Stealth
   545 | D:1      | Quit the game

Illustrated notes

Levels and vault maps discovered:
D:1:      lemuel_arrival_room, layout_basic, serial_shops,
          nicolae_shop_bloodbath_and_beyond
D:2:      layout_basic, hellmonk_ecumenical_altar_blasted, serial_shops, shop,
          minmay_indecisive_spiral
D:3:      layout_loops_corners, nicolae_wu_jian_glorious_leap
D:4:      layout_cave_pools, gammafunk_temple_overflow_pools,
          nicolae_elyvilon_temple_path, minmay_temple_entry_glassed_door,
          minmay_misc_feat_four_crosses
D:5:      layout_layer_cave, general_overflow_altar, kb_xom_exploding_sheep,
          zin_treasury, dk_noncrumbling_4, grunt_ministairs_14

Skill      XL: |  1  2  3  4 |
---------------+-------------+-----
Stealth        | 7 8 9 |  9.0
Fighting       | |  3.0
Polearms       | |  2.0
Dodging        | |  2.0

Action                     |  1- 3 |  4- 6 || total
---------------------------+-------+-------++-------
  Melee: Spear             |    15 |    20 ||    35
         Tentacles         |     2 |     4 ||     6
         Constrict         |     2 |     5 ||     7
    Use: Scroll            |     2 |       ||     2
   Stab: Sleeping          |       |     5 ||     5
 Armour: Skin              |       |     3 ||     3
  Dodge: Dodged            |    11 |    13 ||    24
